 Dungeon Crawl Stone Soup version 0.22-a0-322-g60b3cfd (webtiles) character file.

54586 4thArraOfDagon the Executioner (level 14, -5/114 HPs)
             Began as a Hill Orc Air Elementalist on Apr 4, 2018.
             Was a High Priest of Beogh.
             Splashed by a deep elf sorcerer's acid (15 damage)
             ... on level 2 of the Elven Halls.
             The game lasted 01:00:02 (14169 turns).

4thArraOfDagon the Executioner (HOAE)              Turns: 14169, Time: 01:00:03

Health: -5/114     AC: 19    Str: 23    XL:     14   Next: 73%
Magic:  32/32      EV: 10    Int: 26    God:    Beogh [*****.]
Gold:   238        SH:  3    Dex: 18    Spells: 14/17 levels left

rFire    + . .     SeeInvis +   Z - +6 hand axe of the Pillar {flame, rPois MR+ Str+4 SInv}
rCold    . . .     Gourm    .   (no shield)
rNeg     + + .     Faith    .   H - +7 chain mail of Omar {Str+4 Int+5}
rPois    +         Spirit   .   j - +0 helmet
rElec    .         Reflect  +   (no cloak)
rCorr    .         Harm     .   X - +0 pair of fencer's gloves {+Riposte Dex+3}
MR       +++..                  r - +0 pair of boots of Tender Moments {+Fly Str+3 Dex+4 Stlth-} (curse)
Stlth    ..........             i - +3 amulet of reflection
HPRegen  0.29/turn              b - ring "Tofryx" {rN++ MR+ MP+9}
MPRegen  0.23/turn              C - ring of protection from fire

@: corroded, very slightly contaminated
A: walk on water, clever 1, wild magic 1
a: Smiting, Recall Orcish Followers, Give Item to Named Follower, Renounce
Religion, Evoke Flight


You were on level 2 of the Elven Halls.
You worshipped Beogh.
Beogh was extremely pleased with you.
You were not hungry.

You visited 3 branches of the dungeon, and saw 19 of its levels.
You also visited: Ossuary and Ice Cave.

You collected 1766 gold pieces.
You spent 1528 gold pieces at shops.

Inventory:

Hand Weapons
 w - a +4 battleaxe
 B - a +2 battleaxe
 M - the +7 lajatang of Order {silver, rMut}
   (You found it in an ice cave)

   It protects you from mutation.
 Z - the +6 hand axe of the Pillar (weapon) {flame, rPois MR+ Str+4 SInv}
   (You found it on level 13 of the Dungeon)

   It has been specially enchanted to burn those struck by it, causing extra
   injury to most foes and up to half again as much damage against particularly
   susceptible opponents.
   Big, fiery blades are also staple armaments of hydra-hunters.
   It affects your strength (+4).
   It protects you from poison.
   It affects your resistance to hostile enchantments.
   It lets you see invisible.
Missiles
 K - a throwing net (quivered)
Armour
 j - a +0 helmet (worn)
 n - a +5 scale mail of cold resistance
 r - the cursed +0 pair of boots of Tender Moments (worn) {+Fly Str+3 Dex+4 Stlth-}
   (You bought it in a shop on level 1 of the Orcish Mines)

   It affects your strength (+3).
   It affects your dexterity (+4).
   It lets you fly.
   It makes you less stealthy.
   It has a curse placed upon it.
 x - a cursed -2 plate armour
 G - +0 shadow dragon scales
 H - the +7 chain mail of Omar (worn) {Str+4 Int+5}
   (You found it in an ice cave)

   It affects your strength (+4).
   It affects your intelligence (+5).
 N - a +0 troll leather armour
 X - the +0 pair of fencer's gloves (worn) {+Riposte Dex+3}
   (You found it in an ice cave)

   It affects your dexterity (+3).
Magical Staves
 R - an uncursed staff of death
Jewellery
 b - the ring "Tofryx" (left hand) {rN++ MR+ MP+9}
   (You bought it in a shop on level 2 of the Orcish Mines)

   [ring of protection from magic]

   It greatly protects you from negative energy.
   It affects your resistance to hostile enchantments.
   It affects your magic capacity (+9).
 i - a +3 amulet of reflection (around neck)
 m - an uncursed ring of fire
 o - an uncursed ring of protection from cold {unknown}
 y - an uncursed ring of see invisible
 C - a ring of protection from fire (right hand)
 L - an uncursed ring of positive energy {unknown}
Wands
 J - a wand of enslavement (6)
 Q - a wand of paralysis (23)
 Y - a wand of disintegration (17)
Scrolls
 a - 5 scrolls of enchant weapon
 d - 2 scrolls of fog {unknown}
 e - a scroll of noise
 f - 10 scrolls of remove curse
 h - 12 scrolls of teleportation
 k - 3 scrolls of fear
 v - a scroll of vulnerability {unknown}
 F - 2 scrolls of enchant armour
 P - 2 scrolls of magic mapping
 S - 2 scrolls of holy word {unknown}
 T - a scroll of brand weapon {unknown}
 W - 2 scrolls of immolation {unknown}
Potions
 g - 2 potions of berserk rage {unknown}
 l - 3 potions of degeneration {unknown}
 p - 3 potions of lignification
 q - 6 potions of heal wounds {unknown}
 s - 3 potions of curing
 u - a potion of invisibility
 z - a potion of cancellation
 A - 2 potions of might
 D - 3 potions of agility
 E - 6 potions of haste
 I - 2 potions of mutation
 O - 2 potions of flight
 V - a potion of ambrosia
Comestibles
 c - 19 rations
 t - a chunk of flesh


   Skills:
 + Level 7.9 Fighting
 - Level 22.4 Axes
 + Level 10.3 Armour
 + Level 2.2 Dodging
 - Level 1.5 Stealth
 + Level 2.4 Spellcasting
   Level 3.0 Conjurations
 * Level 3.1 Charms
 * Level 3.5 Necromancy
   Level 2.4 Air Magic
 + Level 12.3 Invocations


You had 14 spell levels left.
You knew the following spells:

 Your Spells              Type           Power        Failure   Level  Hunger
a - Regeneration          Chrm/Necr      ####......   47%         3    ###....


Dungeon Overview and Level Annotations

Branches:
Dungeon (15/15)            Temple (0/1) D:7            Lair (0/6) D:10
    Orc (2/2) D:11            Elf (2/3) Orc:2        Vaults (0/5) D:13
 Depths: D:15

Altars:
Cheibriados
Dithmenos
Gozag
Hepliaklqana
Makhleb
Ru
Xom
Zin
The Shining One
Beogh

Shops:
D:4 ?   D:11 (   D:13 [%   Orc:1 [   Orc:2 ?[}=


Innate Abilities, Weirdness & Mutations

You can walk on water.
Your mind is acute. (Int +2)
Your spells are a little harder to cast, but a little more powerful.


Message History

As you read the scroll of blinking, it crumbles to dust.
Arkwar hits the deep elf mage from afar with a trident!
Syrus blocks the deep elf mage's attack.
Your orc knight hits the deep elf mage from afar with a halberd!!
The deep elf mage dies!
Beogh accepts your kill.
Your orc knight looks more experienced.
Unknown command.
Unknown command.
Your orc warrior misses the deep elf sorcerer.
Syrus hits the deep elf knight with a +2 war axe!!
There is an open door here.
Unknown command.
Unknown command.
Unknown command.
The deep elf sorcerer gestures at you while chanting.
The bolt of acid hits you!
* * * LOW HITPOINT WARNING * * *
The acid corrodes you!
You are splashed with acid!
The acid burns!
You die...

##.#..⌠..#
##..##.))##
#....##.##
##.)..##'##
#..).##...##
#...##.....##
#..##(......##
##.#(.)......#
##@)....⌠....'.#
#'##.........##'
##.###.......##
###+###.##
##.....##
##....<(##
##...##
#+.....e.##
#####
#..§((..(e###..
#..ooooe((e.ee..
#..).oe.e.###e..


You could see a deep elf sorcerer, a deep elf knight (invisible), a friendly orc
knight and a friendly orc warrior.

Vanquished Creatures
  An Ice Fiend (IceCv)
  A stone giant (Orc:2)
  Erica (Orc:1)
  A hydra (D:15)
  A centaur warrior (D:13)
  2 two-headed ogres
  A dancing weapon (Elf:1)
  A tengu warrior (D:15)
  An orc high priest (Orc:1)
  A deep elf knight (Elf:2)
  The ghost of sankara the Cleaver, a novice HOFi of Kikubaaqudgha (D:8)
  An unseen horror (D:15)
  A swamp dragon (shapeshifter) (D:13)
  An orc sorcerer (Orc:1)
  2 orc knights (Orc:2)
  Pikel (D:4)
  4 ugly things
  A deep elf mage (Elf:2)
  A wolf spider zombie (D:13)
  A manticore (D:11)
  3 centaur zombies
  3 cyclopes
  An ice statue (IceCv)
  A guardian serpent (shapeshifter) (D:13)
  A gargoyle (D:10)
  A golden dragon simulacrum (IceCv)
  A tengu conjurer (D:14)
  A yaktaur (D:11)
  6 ice devils (IceCv)
  4 freezing wraiths (IceCv)
  2 trolls
  4 slime creatures (D:13)
  3 hippogriffs
  A yak (D:11)
  3 fire elementals
  2 wyverns (D:11)
  A water elemental (Elf:2)
  2 vampires
  2 dire elephant simulacra (IceCv)
  A hungry ghost (D:11)
  A steam dragon (D:9)
  An iron troll simulacrum (IceCv)
  2 harpy simulacra (IceCv)
  7 wargs
  A soldier ant (D:8)
  2 water moccasins (D:10)
  3 hydra simulacra (IceCv)
  8 orc warriors
  7 ice beasts
  3 sky beasts
  2 phantoms (D:11)
  12 ogres
  A black bear (D:9)
  3 necrophages
  An eye of draining (D:10)
  A wolf (D:10)
  2 centaurs
  2 big kobolds
  7 bullfrogs
  An earth elemental (Elf:1)
  2 water moccasin zombies (Ossuary)
  A wyvern skeleton (D:11)
  2 scorpions
  23 killer bees
  A swamp dragon simulacrum (IceCv)
  A wight (D:8)
  3 electric eels
  4 crimson imps
  2 bullfrog zombies
  4 howler monkeys
  A draconian simulacrum (IceCv)
  2 quasits (D:10)
  4 orc priests
  6 hounds
  8 orc wizards
  A bullfrog skeleton (D:6)
  A centaur skeleton (D:4)
  5 jellies
  4 iguanas
  Terence (D:2)
  Natasha (thrice) (D:2)
  2 troll simulacra (IceCv)
  10 worker ants
  3 spriggan simulacra (IceCv)
  3 wolf simulacra (IceCv)
  5 big kobold zombies (Ossuary)
  A centaur simulacrum (IceCv)
  A hound zombie (D:6)
  3 mummies
  A gnoll (D:4)
  2 naga simulacra (IceCv)
  An ogre simulacrum (IceCv)
  6 adders
  4 shadow imps
  A white imp (IceCv)
  An ufetubus (IceCv)
  9 adder zombies (Ossuary)
  2 oozes (D:1)
  3 worms
  2 dart slugs
  9 leopard geckos
  12 orcs
  A ball python (D:1)
  2 giant cockroaches
  14 goblins
  5 hobgoblins
  5 jackals
  14 kobolds
  6 quokkas
  10 bats
  5 frilled lizards
  A gnoll zombie (Ossuary)
  4 hobgoblin zombies
  5 kobold zombies (Ossuary)
  4 orc zombies (Ossuary)
  A quokka skeleton (D:4)
  7 rats
379 creatures vanquished.

Vanquished Creatures (collateral kills)
  2 centaur warriors
  4 dancing weapons
  A tengu warrior (D:15)
  An ogre mage (D:15)
  7 two-headed ogres
  5 deep elf knights
  5 deep elf archers
  6 orc knights
  18 deep elf magi
  An orb spider (shapeshifter) (D:13)
  4 ugly things (D:14)
  4 orc sorcerers
  A manticore (D:11)
  3 cyclopes
  A naga mage (D:15)
  2 gargoyles
  3 centaur zombies
  4 centaur skeletons (D:15)
  A tengu conjurer (D:15)
  2 hornets (D:8)
  4 trolls
  2 hippogriffs
  An air elemental (Elf:2)
  4 yaks (D:11)
  A water elemental (Elf:1)
  A vampire (D:14)
  2 wyverns
  2 hungry ghosts
  4 wargs (Orc:2)
  2 soldier ants
  A water moccasin (D:10)
  2 hydra simulacra (IceCv)
  18 orc warriors
  A sky beast (D:8)
  2 black bears
  A phantom (D:8)
  4 ogres
  2 wolves (D:10)
  4 bullfrogs
  An earth elemental (Elf:1)
  A scorpion (D:10)
  6 killer bees
  2 wights (D:8)
  3 howler monkeys (D:8)
  4 crimson imps
  A draconian simulacrum (IceCv)
  A quasit (D:8)
  2 hounds
  5 orc priests
  A jelly (D:9)
  2 iguanas
  8 orc wizards
  A worker ant (D:11)
  A worker ant zombie (D:8)
  2 adders
  7 orcs
  A hobgoblin zombie (D:8)
  A plant (D:11)
183 creatures vanquished.

Vanquished Creatures (others)
  A deep elf demonologist (Elf:2)
  5 orc knights
  19 orc warriors
  5 orc priests
  A dire elephant simulacrum (IceCv)
  An iron troll simulacrum (IceCv)
  2 harpy simulacra (IceCv)
  9 orc wizards
  2 gnolls (D:4)
  6 white imps (IceCv)
  2 ufetubi (IceCv)
  72 orcs
  A ball python (D:3)
  A goblin (D:3)
  A frilled lizard (D:3)
  2 kobolds (D:3)
  3 plants (D:11)
133 creatures vanquished.

Grand Total: 695 creatures vanquished

Notes
Turn   | Place    | Note
-------+----------+-------------------------------------------
     0 | D:1      | 4thArraOfDagon the Hill Orc Air Elementalist began the quest for the Orb.
     0 | D:1      | Reached XP level 1. HP: 14/14 MP: 3/3
    59 | D:1      | Reached XP level 2. HP: 17/20 MP: 1/4
   349 | D:2      | Reached XP level 3. HP: 18/26 MP: 0/5
   407 | D:2      | Reached skill level 1 in Fighting
   458 | D:2      | Found a shimmering altar of Xom.
   501 | D:2      | Found an opulent altar of Gozag.
   583 | D:3      | Reached XP level 4. HP: 19/36 MP: 0/6
   622 | D:3      | Became a worshipper of Beogh the Brigand
   815 | D:2      | Noticed Terence
  1729 | D:2      | Noticed Natasha
  1739 | D:2      | Killed Natasha
  1739 | D:2      | Reached skill level 1 in Armour
  1739 | D:2      | Reached skill level 1 in Invocations
  1791 | D:2      | Killed Terence
  1791 | D:2      | Reached XP level 5. HP: 33/45 MP: 2/7
  1793 | D:2      | Reached * piety under Beogh
  2035 | D:2      | Noticed Natasha
  2039 | D:2      | Killed Natasha
  2051 | D:2      | Noticed Natasha
  2054 | D:2      | Killed Natasha
  2328 | D:3      | Reached XP level 6. HP: 52/52 MP: 8/8
  2605 | D:4      | Gained mutation: You are somewhat resistant to further mutation. [potion of mutation]
  2605 | D:4      | Gained mutation: Armour fits poorly on your strangely shaped body. [potion of mutation]
  2606 | D:4      | Lost mutation: Armour fits poorly on your strangely shaped body. [potion of mutation]
  2606 | D:4      | Lost mutation: You are somewhat resistant to further mutation. [potion of mutation]
  2606 | D:4      | Gained mutation: Your spells are a little harder to cast, but a little more powerful. [potion of mutation]
  2606 | D:4      | Gained mutation: Your mind is acute. (Int +2) [potion of mutation]
  2615 | D:4      | Found Qareto's Magic Scroll Boutique.
  2670 | D:4      | Bought a scroll of enchant weapon for 75 gold pieces
  2670 | D:4      | Bought a scroll of teleportation for 30 gold pieces
  2670 | D:4      | Bought a scroll of teleportation for 30 gold pieces
  2670 | D:4      | Bought a scroll of noise for 10 gold pieces
  2670 | D:4      | Bought a scroll of identify for 20 gold pieces
  2868 | D:4      | Noticed a slave
  2868 | D:4      | Noticed a slave
  2869 | D:4      | Noticed a slave
  2870 | D:4      | Noticed Pikel
  2870 | D:4      | Noticed a slave
  2902 | D:4      | Killed Pikel
  2902 | D:4      | Reached skill level 5 in Fighting
  2902 | D:4      | Reached skill level 5 in Invocations
  2902 | D:4      | Reached XP level 7. HP: 54/62 MP: 8/11
  3091 | D:4      | Reached XP level 8. HP: 45/70 MP: 12/12
  3262 | D:4      | Reached skill level 5 in Armour
  3423 | D:5      | Entered Level 5 of the Dungeon
  3662 | D:5      | Found a burning altar of Makhleb.
  3662 | D:5      | Noticed a balrug
  3665 | D:5      | Noticed a smoke demon
  3665 | D:5      | Noticed a smoke demon
  3927 | D:6      | Reached ** piety under Beogh
  3974 | D:6      | Reached skill level 3 in Axes
  3991 | D:6      | Reached XP level 9. HP: 33/79 MP: 14/14
  4005 | D:6      | Reached skill level 4 in Axes
  4248 | D:6      | Reached skill level 5 in Axes
  4492 | D:6      | Reached skill level 6 in Axes
  4562 | D:7      | Found a staircase to the Ecumenical Temple.
  4861 | D:7      | Reached skill level 7 in Axes
  5024 | D:7      | Found a snail-covered altar of Cheibriados.
  5094 | D:7      | Reached *** piety under Beogh
  5387 | D:8      | Found a hazy altar of Hepliaklqana.
  5457 | D:8      | Found a shadowy altar of Dithmenos.
  5478 | D:8      | Noticed a two-headed ogre
  5490 | D:8      | Killed a two-headed ogre
  5490 | D:8      | Reached skill level 8 in Axes
  5490 | D:8      | Reached XP level 10. HP: 85/85 MP: 13/17
  5498 | D:8      | Reached skill level 9 in Axes
  5606 | D:8      | Gained Herok as an ally
  5654 | D:8      | Noticed sankara's ghost (novice HOFi)
  5661 | D:8      | Killed sankara's ghost
  5661 | D:8      | Reached skill level 10 in Axes
  5675 | D:8      | Reached skill level 10 in Invocations
  5681 | D:8      | Got a crude war axe {antimagic}
  5714 | D:8      | Found a sand-covered staircase.
  5722 | Ossuary  | Entered an ossuary
  5724 | Ossuary  | Identified the +7 war axe of the Pariah {antimagic, Fragile Str+4 Dex+5} (You took it off an orc warrior on level 8 of the Dungeon)
  5928 | Ossuary  | Reached **** piety under Beogh
  6065 | D:8      | Found a glowing silver altar of Zin.
  6066 | D:8      | Found a glowing golden altar of the Shining One.
  6343 | D:8      | Reached skill level 11 in Axes
  6351 | D:8      | Your ally Herok died
  6766 | D:9      | Reached XP level 11. HP: 88/91 MP: 9/18
  7241 | D:9      | Gained Syrus as an ally
  7300 | D:9      | Reached skill level 12 in Axes
  7357 | D:10     | Entered Level 10 of the Dungeon
  7612 | D:10     | Found a staircase to the Lair.
  7646 | D:10     | Reached ***** piety under Beogh
  7721 | D:10     | Gained Bolgrim as an ally
  7946 | D:11     | Noticed a cyclops
  7974 | D:11     | Killed a cyclops
  7996 | D:11     | Found Ozooggeon's Antique Weapon Shop.
  8011 | D:11     | Reached skill level 13 in Axes
  8017 | D:11     | Your ally Bolgrim died
  8059 | D:11     | Noticed a manticore
  8068 | D:11     | Killed a manticore
  8158 | D:11     | Sergey: hey
  8173 | D:11     | 4thArraOfDagon: hey
  8184 | D:11     | NormalPerson7: btw you're walking on water
  8202 | D:11     | Sergey: I am trying to get this hs (
  8214 | D:11     | 4thArraOfDagon: ahh
  8233 | D:11     | Found a staircase to the Orcish Mines.
  8294 | D:11     | NormalPerson7: just lost a bunch of turns :(
  8294 | D:11     | 4thArraOfDagon: which, hoae?
  8351 | D:11     | Reached skill level 10 in Armour
  8399 | D:11     | Sergey: ye
  8430 | D:11     | Sergey: I am at 40k with 4 runes
  8513 | D:11     | Noticed a two-headed ogre
  8522 | D:11     | Killed a two-headed ogre
  8522 | D:11     | Reached skill level 14 in Axes
  8633 | D:11     | 4thArraOfDagon: ah ok, I'll leave this one:)
  8674 | D:11     | Noticed a brown ugly thing
  8677 | D:11     | Reached XP level 12. HP: 100/100 MP: 10/21
  8712 | D:11     | NormalPerson7: !hs * hoie
  8713 | D:11     | Reached skill level 15 in Axes
  8716 | D:11     | beem: 1470. cosmonaut the Conqueror (L27 HOIE of The Shining One), escaped with the Orb and 15 runes on 2015-11-08 14:31:17, with 21883692 points after 69322 turns and 4:34:52.
  8808 | D:11     | NormalPerson7: that's also quite low scoring
  8995 | D:12     | Sergey: wow, thank you :)
  9114 | D:13     | Noticed a two-headed ogre
  9121 | D:13     | Killed a two-headed ogre
  9286 | D:13     | Sergey: are you going to switch beogh for extended ?
  9319 | D:13     | Got a smoking hand axe
  9415 | D:13     | Noticed a centaur warrior
  9431 | D:13     | Killed a centaur warrior
  9431 | D:13     | Reached skill level 16 in Axes
  9434 | D:13     | Found Gipsa's Food Shoppe.
  9494 | D:13     | Found Tocigaj's Antique Armour Shoppe.
  9500 | D:13     | 4thArraOfDagon: ye
  9510 | D:13     | Sergey: for TSO ?
  9517 | D:13     | Noticed a shock serpent
  9518 | D:13     | a shock serpent changed into a swamp dragon
  9526 | D:13     | Noticed a centaur warrior
  9536 | D:13     | Killed a centaur warrior
  9595 | D:13     | Found a gate to the Vaults.
  9604 | D:13     | Sergey: I am thinking about what is better necromutation ot TSO
  9604 | D:13     | 4thArraOfDagon: ahh sorry, I'll keep beogh I think
  9604 | D:13     | Sergey: ok
  9604 | D:13     | 4thArraOfDagon: or switch to gozag for invo title? idk :)
  9632 | D:13     | Reached skill level 17 in Axes
  9728 | D:13     | Sergey: never seen anybody switching to gozag
  9754 | D:13     | 4thArraOfDagon: I have switched once
  9754 | D:13     | Sergey: only in zig
  9966 | D:14     | Found a sacrificial altar of Ru.
 10065 | D:14     | Reached skill level 18 in Axes
 10232 | D:15     | Entered Level 15 of the Dungeon
 10247 | D:15     | Reached XP level 13. HP: 105/105 MP: 10/22
 10328 | D:15     | Reached skill level 19 in Axes
 10410 | D:15     | Identified the +6 hand axe of the Pillar {flame, rPois MR+ Str+4 SInv} (You found it on level 13 of the Dungeon)
 10504 | D:15     | Reached skill level 20 in Axes
 10588 | D:15     | Gained Arkwar as an ally
 10788 | Orc:1    | Entered Level 1 of the Orcish Mines
 10843 | Orc:1    | Noticed Erica
 10861 | Orc:1    | Killed Erica
 10912 | Orc:1    | Reached ****** piety under Beogh
 10953 | Orc:1    | Found Viussol's Armour Shoppe.
 10965 | Orc:1    | Bought the cursed +0 pair of boots of Tender Moments {+Fly Str+3 Dex+4 Stlth-} for 358 gold pieces
 11023 | Orc:1    | Gained Alork as an ally
 11069 | Orc:1    | Found a roughly hewn altar of Beogh.
 11175 | Orc:2    | Entered Level 2 of the Orcish Mines
 11247 | Orc:1    | Amnesiac: !beem subscribe
 11247 | Orc:1    | beem: I'm a bot that sends commands to the DCSS IRC knowledge bots. For details, see https://github.com/gammafunk/beem/blob/master/docs/commands.md and to have me watch your games on this server, type: !subscribe
 11251 | Orc:1    | Reached skill level 21 in Axes
 11265 | Orc:1    | Amnesiac: !subscribe
 11267 | Orc:1    | beem: Subscribed. I will now watch all games of user Amnesiac
 11461 | Orc:2    | Noticed a stone giant
 11483 | Orc:2    | Killed a stone giant
 11512 | Orc:2    | Found a staircase to the Elven Halls.
 11636 | Orc:2    | Found Ollin's Jewellery Shoppe.
 11636 | Orc:2    | Found Roukung's Gadget Shop.
 11654 | Orc:2    | Gained Warrok as an ally
 11761 | Orc:2    | Found a roughly hewn altar of Beogh.
 11777 | Orc:2    | Gained Bogwik as an ally
 11784 | Orc:2    | Your ally Bogwik died
 11805 | Orc:2    | Your ally Warrok died
 11824 | Orc:2    | Reached XP level 14. HP: 68/113 MP: 6/23
 11879 | Orc:2    | Found Lebatovo's Magic Scroll Shop.
 11879 | Orc:2    | Found Ahuh's Antique Armour Shoppe.
 11894 | Orc:2    | Bought a scroll of teleportation for 42 gold pieces
 11894 | Orc:2    | Bought a scroll of teleportation for 42 gold pieces
 11944 | Orc:2    | Bought the ring "Tofryx" {rN++ MR+ MP+9} for 921 gold pieces
 11992 | Elf:1    | Entered Level 1 of the Elven Halls
 12031 | Elf:1    | Your ally Alork died
 12034 | Elf:1    | Learned a level 3 spell: Regeneration
 12048 | Elf:1    | Found a frozen archway.
 12052 | Elf:1    | Reached skill level 22 in Axes
 12071 | IceCv    | Entered an ice cave
 12480 | IceCv    | Got a warped chain mail
 13181 | IceCv    | Noticed an Ice Fiend
 13423 | IceCv    | Reached skill level 1 in Necromancy
 13438 | IceCv    | Killed an Ice Fiend
 13438 | IceCv    | Reached skill level 1 in Charms
 13479 | IceCv    | Found the +0 pair of fencer's gloves {+Riposte Dex+3}
 13480 | IceCv    | Found the +7 lajatang of Order {silver, rMut}
 13627 | IceCv    | Identified the +7 chain mail of Omar {Str+4 Int+5} (You found it in an ice cave)
 13948 | Elf:1    | Gained Olfrun as an ally
 14152 | Elf:2    | Noticed a deep elf demonologist
 14161 | Elf:2    | Killed a deep elf demonologist
 14162 | Elf:2    | Noticed a deep elf sorcerer
 14166 | Elf:2    | Your ally Olfrun died
 14169 | Elf:2    | Splashed by a deep elf sorcerer's acid

Vault maps used:
D:1:      erik_arrival_cave_to_civilisation
D:2:      grunt_gozag_breadcrumbs, nicolae_overflow_hidden_temple, uniq_terence,
          uniq_natasha
D:4:      serial_shops, shop, uniq_pikel
D:5:      first_ration, makhleb_altar_promises_db
D:6:      marbit_many_paths
D:7:      cheibrodos_worm_habitat, minmay_temple_entry_statues_pillars
D:8:      good_gods_mini_temple, lemuel_crystal_altar,
          nicolae_ossuary_entry_giza, hangedman_pestilent_swarm,
          nicolae_dithmenos_through_a_glass_darkly
D:9:      lemuel_coloured_pillars_altar, kennysheep_flooded_box
D:10:     erik_lair_island
D:11:     minmay_imperfect_grid, orc_0_dummy, serial_shops,
          nicolae_shop_overgrown_old_shop
D:13:     david_vaults_2, serial_shops, nicolae_shop_behind_doors, shop
D:14:     old_standard_altar, minmay_misc_feat_doors
D:15:     grunt_enter_depths_magical_seal, minivault_25
Orc:1:    serial_shops, nicolae_shop_temple_entry_statues_fountains,
          mines1_david, uniq_erica
Orc:2:    st_orc_town
Elf:1:    eino_elf_arrival_customs, portal_ice_cave_entry_pillars_three,
          minmay_elf_necromancy
Elf:2:    st_stairs_1, nicolae_elf_stone_circles
Ossuary:  ossuary_tomb_2
IceCv:    ice_cave_caverns_03

Skill      XL: |  1  2  3  4  5  6  7  8  9 10 11 12 13 14 |
---------------+-------------------------------------------+-----
Conjurations   | 2 3 |  3.0
Fighting       | 2 3 4 5 6 7 |  7.9
Armour         | 1 2 4 6 7 9 10 | 10.3
Invocations    | 1 3 5 7 9 10 12 | 12.3
Axes           | 3 8 11 14 18 21 22 | 22.4
Necromancy     | 3 |  3.5
Charms         | 3 |  3.1
Spellcasting   | 2 |  2.4
Dodging        | 2 |  2.2
Stealth        | |  1.5
Air Magic      | |  2.4

Action                   |  1- 3 |  4- 6 |  7- 9 | 10-12 | 13-15 || total
-------------------------+-------+-------+-------+-------+-------++-------
Melee: Unarmed           |     7 |       |       |       |       ||     7
       Whip              |    48 |       |       |       |       ||    48
       Mace              |    29 |   137 |   345 |    76 |       ||   587
       War axe           |       |       |       |   549 |   280 ||   829
       Hand axe          |       |       |       |       |    56 ||    56
 Cast: Shock             |    22 |    16 |    23 |       |       ||    61
Invok: Convert to Beogh  |       |     1 |       |       |       ||     1
       Smiting           |       |       |       |    10 |    15 ||    25
       Recall Orcish Fol |       |       |       |     2 |     3 ||     5
       Stop Recall       |       |       |       |       |     1 ||     1
 Abil: Evoke Flight      |       |       |       |       |     1 ||     1
Evoke: Wand              |       |       |       |     9 |    24 ||    33
  Use: Potion            |     1 |     2 |     1 |     1 |     2 ||     7
       Scroll            |       |     7 |     6 |     6 |     7 ||    26
 Stab: Sleeping          |     2 |       |       |       |       ||     2
       Confused          |       |       |     1 |       |       ||     1
       Distracted        |       |       |       |     6 |     2 ||     8
       Paralysed         |       |       |       |     3 |       ||     3
  Eat: Chunk             |       |     8 |     7 |    16 |     3 ||    34
       Ration            |       |       |     1 |     2 |     3 ||     6
Armor: Robe              |     2 |       |       |       |       ||     2
       Ring mail         |    51 |    21 |       |       |       ||    72
       Scale mail        |       |    47 |   202 |   321 |    76 ||   646
       Skin              |       |       |     5 |       |       ||     5
       Troll leather arm |       |       |       |       |    17 ||    17
       Chain mail        |       |       |       |       |    15 ||    15
Dodge: Dodged            |    71 |    85 |   152 |   230 |   134 ||   672
Block: Other             |       |    18 |    40 |    52 |    27 ||   137
       Reflection        |       |       |     1 |     1 |     3 ||     5
       Rpst.: Hand axe   |       |       |       |       |     1 ||     1

Table legend:
 A = Spawn XP
 B = Non-spawn XP
 C = Spawn XP percentage of total XP
 D = Spawn monster count
 E = Non-spawn monster count
 F = Spawn count percentage of total count
 G = Total turns spent on level
                    A         B        C        D         E        F      G
               +---------+---------+-------+---------+---------+-------+---------
         Total |       0 |   77980 |   0.0 |       0 |     562 |   0.0 | 14169
               +---------+---------+-------+---------+---------+-------+---------
           D:1 |       0 |      44 |   0.0 |       0 |      20 |   0.0 |   991
           D:2 |       0 |     219 |   0.0 |       0 |      32 |   0.0 |  1039
           D:3 |       0 |     123 |   0.0 |       0 |      13 |   0.0 |   551
           D:4 |       0 |    1065 |   0.0 |       0 |      13 |   0.0 |   842
           D:5 |       0 |     261 |   0.0 |       0 |       5 |   0.0 |   446
           D:6 |       0 |    1477 |   0.0 |       0 |      31 |   0.0 |   751
           D:7 |       0 |     714 |   0.0 |       0 |      23 |   0.0 |   745
           D:8 |       0 |    4281 |   0.0 |       0 |      51 |   0.0 |   811
           D:9 |       0 |    1543 |   0.0 |       0 |      25 |   0.0 |   851
          D:10 |       0 |    2778 |   0.0 |       0 |      35 |   0.0 |   576
          D:11 |       0 |    7561 |   0.0 |       0 |      55 |   0.0 |   917
          D:12 |       0 |     942 |   0.0 |       0 |       7 |   0.0 |   396
          D:13 |       0 |    6079 |   0.0 |       0 |      17 |   0.0 |   654
          D:14 |       0 |    4404 |   0.0 |       0 |      18 |   0.0 |   434
          D:15 |       0 |   12821 |   0.0 |       0 |      40 |   0.0 |   465
         Orc:1 |       0 |    4506 |   0.0 |       0 |      25 |   0.0 |   413
         Orc:2 |       0 |    6031 |   0.0 |       0 |      39 |   0.0 |   780
         Elf:1 |       0 |    8035 |   0.0 |       0 |      26 |   0.0 |   389
         Elf:2 |       0 |    5812 |   0.0 |       0 |      16 |   0.0 |   211
       Ossuary |       0 |     375 |   0.0 |       0 |      31 |   0.0 |   330
         IceCv |       0 |    8909 |   0.0 |       0 |      40 |   0.0 |  1577
               +---------+---------+-------+---------+---------+-------+---------
